Monarchs vs Little Stars
Created - 16 février 2016 at 19:47
Goals
|
| Monarchs |
0 |
2 |
1 |
3 |
| Little Stars |
2 |
0 |
0 |
2 |
|
Shots
|
| Monarchs |
11 |
10 |
19 |
40 |
| Little Stars |
17 |
10 |
11 |
38 |
|
1st period
1. Little Stars , Cody Bass 15 (Jesse Joensuu) at 11:34
2. Little Stars , Ryan Vesce 32 (Marcus Kruger, Raphael Diaz) at 17:06 (PP)
Penalties :
Jay Beagle (MAN) for Tripping (Minor) at 5:59, Theo Peckham (MAN) for Holding (Minor) at 15:16
2nd period
3. Monarchs , Mikael Backlund 22 (John Zeiler, Kyle Clifford) at 11:34
4. Monarchs , Randy Robitaille 27 (Mason Raymond, Justin Williams) at 18:33
Penalties :
Jay Beagle (MAN) for Holding (Minor) at 3:29, John Zeiler (MAN) for Holding (Minor) at 7:33
3rd period
5. Monarchs , Mason Raymond 24 (Randy Robitaille, Justin Williams) at 1:27
Penalties :
Dennis Everberg (Tex) for Slashing (Minor) at 2:44, Craig Cunningham (MAN) for Holding (Minor) at 7:54, Mathieu Roy (Tex) for Interference (Minor) at 7:58, Jamie McGinn (Tex) for Interference (Minor) at 11:08, Justin Faulk (Tex) for High sticking (Minor) at 14:47, Raphael Diaz (Tex) for Elbowing (Minor) at 17:29
Goalie Stats
Richard Bachman (MAN), 36 saves from 38 shots - (0,947), W, 17-13-1, 60:00 minutes
Peter Budaj (Tex), 37 saves from 40 shots - (0,925), L, 16-17-2, 59:41 minutes
Players Stats for Monarchs
Player Name G A P +/- PIM S H SB GA TA FO MP PP MP PK MP
------------------------------------------------------------------------------------
Alec Martinez 0 0 0 1 0 3 2 0 0 1 0/0 19:39 3:33 3:11
Andrej Meszaros 0 0 0 0 0 3 1 5 0 0 0/0 27:58 4:27 4:40
Andy Greene 0 0 0 0 0 3 3 1 0 0 0/0 27:58 4:27 4:40
Craig Cunningham 0 0 0 0 2 0 1 0 0 0 0/0 11:02 0:04 0:00
Jay Beagle 0 0 0 0 4 4 0 0 0 0 0/0 11:26 0:00 0:00
John Mitchell 0 0 0 0 0 1 0 0 0 1 1/5 12:29 0:00 1:08
John Zeiler 0 1 1 1 2 0 0 0 0 0 1/1 15:04 2:57 0:00
Jon Merrill 0 0 0 1 0 0 0 1 0 0 0/0 9:42 0:00 0:39
Justin Williams 0 2 2 1 0 6 2 0 3 0 4/12 26:09 4:59 4:11
Kyle Clifford 0 1 1 1 0 5 3 1 1 1 0/0 15:41 2:57 0:36
Kyle Palmieri 0 0 0 0 0 0 0 0 1 0 0/0 5:32 0:00 0:00
Marek Zagrapan 0 0 0 0 0 0 0 0 0 0 2/5 5:32 0:00 0:00
Mason Raymond 1 1 2 1 0 6 4 0 0 1 0/1 22:04 4:59 4:25
Matt Tennyson 0 0 0 1 0 0 2 1 0 0 0/0 9:03 0:00 0:00
Mikael Backlund 1 0 1 1 0 5 0 1 0 1 5/9 18:43 3:01 2:41
Nate Schmidt 0 0 0 0 0 0 0 0 0 1 0/0 3:20 0:00 0:00
Randy Robitaille 1 1 2 1 0 3 0 0 0 0 11/21 21:01 5:03 2:41
Roman Josi 0 0 0 0 0 0 0 0 0 0 0/0 3:20 0:00 0:00
Theo Peckham 0 0 0 1 2 1 1 1 0 2 0/0 18:59 3:33 2:32
Trevor Lewis 0 0 0 0 0 0 0 0 0 0 0/0 1:47 0:00 0:00
Zac Rinaldo 0 0 0 0 0 0 1 0 0 0 2/4 3:40 0:00 0:00
Players Stats for Little Stars
Player Name G A P +/- PIM S H SB GA TA FO MP PP MP PK MP
------------------------------------------------------------------------------------
Alexander Guptill 0 0 0 0 0 0 0 0 0 0 0/0 0:21 0:00 0:15
Alexander Vasyunov 0 0 0 0 0 0 4 1 1 1 0/0 10:54 0:00 0:00
Andrej Nestrasil 0 0 0 0 0 0 0 0 0 0 0/1 0:53 0:00 0:00
Cody Bass 1 0 1 0 0 2 3 2 1 2 7/15 15:22 2:18 0:00
Connor Brickley 0 0 0 0 0 0 0 0 0 0 0/0 0:00 0:00 0:00
Conor Allen 0 0 0 1 0 0 1 0 0 0 0/0 15:06 1:59 0:45
Dana Tyrell 0 0 0 0 0 0 0 1 0 0 0/0 5:15 0:00 0:00
Danny DeKeiser 0 0 0 0 0 3 0 5 0 1 0/0 24:51 2:24 4:09
Dennis Everberg 0 0 0 0 2 0 1 2 1 0 0/0 10:53 0:00 0:00
Erik Haula 0 0 0 0 0 3 2 0 0 0 6/10 12:20 0:00 0:31
Hugh Jessiman 0 0 0 0 0 3 2 1 1 0 0/0 21:01 2:18 4:07
Jamie McGinn 0 0 0 0 2 0 1 0 0 0 0/0 5:17 0:00 0:00
Jesse Joensuu 0 1 1 0 0 2 1 1 0 0 0/0 15:22 2:18 0:00
Justin Faulk 0 0 0 0 2 3 0 4 1 0 0/0 24:47 2:24 3:15
Landon Ferraro 0 0 0 0 0 1 0 1 0 0 0/0 5:15 0:00 0:00
Marcus Johansson 0 0 0 -2 0 4 3 3 0 0 0/2 20:54 5:33 3:21
Marcus Kruger 0 1 1 -2 0 2 0 0 0 0 12/20 19:18 5:33 2:01
Mathieu Roy 0 0 0 -2 2 2 3 0 0 1 0/0 28:05 5:26 4:46
Oscar Lindberg 0 0 0 0 0 0 0 0 0 0 0/0 2:48 0:00 1:42
Raphael Diaz 0 1 1 -3 2 5 2 2 1 0 0/0 25:54 3:28 3:05
Ryan Vesce 1 0 1 -2 0 8 2 0 2 0 7/10 25:24 5:33 4:03
3 Stars
1 - Mason Raymond (MAN)
2 - Randy Robitaille (MAN)
3 - Justin Williams (MAN)
Power Play
Monarchs - 0 on 5 Attempt(s) - 0,00%
Little Stars - 1 on 5 Attempt(s) - 20,00%
Penalty Kill
Monarchs - 4 on 5 Attempt(s) - 80,00%
- Score 0 goal in Penalty Kill
Little Stars - 5 on 5 Attempt(s) - 100,00%
- Score 0 goal in Penalty Kill
Team Stat
Monarchs - Hits : 20 - Faceoff Wins : 26 - Blocked Shots : 11 - Penalty Minutes : 10
Little Stars - Hits : 25 - Faceoff Wins : 32 - Blocked Shots : 23 - Penalty Minutes : 10
Official
Referees : LaRue Dennis and Banfield David
Linesman : Jonny Murray and Andy McElman
Game Notes
12:50 of 3rd period - Monarchs goal is going for a video replay. After video review, No Goal. The puck has been directed, batted or thrown into the net by an attacking player other than with a stick.
Finance
Level 1 -- Attendance: 1452 (72,60%) -- Ticket Income 50 820 $
Level 2 -- Attendance: 768 (76,80%) -- Ticket Income 11 520 $
Total Attendance: 2220 (74,00%)
Total Ticket Income: 62 340 $
Other Income: 3 117 $
Total Income: 65 457 $
Monarchs
5 vs 5 Forward
Center Left Wing Right Wing Time % Phy DF OF
1 Randy Robitaille Mason Raymond Justin Williams 40 1 2 2
2 Mikael Backlund Kyle Clifford John Zeiler 30 1 2 2
3 John Mitchell Craig Cunningham Jay Beagle 20 1 2 2
4 Marek Zagrapan Justin Williams Kyle Palmieri 10 1 2 2
5 vs 5 Defense
Defense Defense Time % Phy DF OF
1 Andy Greene Andrej Meszaros 40 1 2 2
2 Theo Peckham Alec Martinez 30 1 2 2
3 Matt Tennyson Jon Merrill 20 1 2 2
4 Roman Josi Nate Schmidt 10 1 2 2
PowerPlay Forward
Center Left Wing Right Wing Time % Phy DF OF
1 Randy Robitaille Mason Raymond Justin Williams 60 1 2 2
2 Mikael Backlund Kyle Clifford John Zeiler 40 1 2 2
PowerPlay Defense
Defense Defense Time % Phy DF OF
1 Andy Greene Andrej Meszaros 60 1 2 2
2 Theo Peckham Alec Martinez 40 1 2 2
Penalty Kill 4 Players Forward
Center Wing Time % Phy DF OF
1 Justin Williams Mason Raymond 60 1 2 2
2 Randy Robitaille Mikael Backlund 40 1 2 2
Penalty Kill 4 Players Defense
Defense Defense Time % Phy DF OF
1 Andy Greene Andrej Meszaros 60 1 2 2
2 Theo Peckham Alec Martinez 40 1 2 2
Penalty Kill - 3 Players Forward
Forward Time % Phy DF OF
1 Justin Williams 60 1 2 2
2 Mason Raymond 40 1 2 2
Penalty Kill - 3 Players Defense
Defense Defense Time % Phy DF OF
1 Andy Greene Andrej Meszaros 60 1 2 2
2 Theo Peckham Alec Martinez 40 1 2 2
4 vs 4 Forward
Center Wing Time % Phy DF OF
1 Justin Williams Mason Raymond 60 1 2 2
2 Randy Robitaille Mikael Backlund 40 1 2 2
4 vs 4 Defense
Defense Defense Time % Phy DF OF
1 Andy Greene Andrej Meszaros 60 1 2 2
2 Theo Peckham Alec Martinez 40 1 2 2
Last Minutes Offensive
Center Left Wing Right Wing Defense Defense
Randy Robitaille Mason Raymond Justin Williams Andy Greene Andrej Meszaros
Last Minutes Defensive
Center Left Wing Right Wing Defense Defense
Randy Robitaille Mason Raymond Justin Williams Andy Greene Andrej Meszaros
Goaltenders
Starting : Richard Bachman
Backup : Ben Bishop
Extra Forwards
Normal : Zac Rinaldo, Trevor Lewis, John Mitchell - PP : Zac Rinaldo, Trevor Lewis - PK : John Mitchell
Extra Defensemen
Normal : Matt Tennyson, Jon Merrill, Roman Josi - PP : Matt Tennyson - PK : Jon Merrill, Roman Josi
Penalty Shots
Justin Williams, Mason Raymond, Randy Robitaille, Mikael Backlund, John Zeiler
Little Stars
5 vs 5 Forward
Center Left Wing Right Wing Time % Phy DF OF
1 Marcus Kruger Marcus Johansson Ryan Vesce 40 1 2 2
2 Cody Bass Jesse Joensuu Hugh Jessiman 30 1 2 2
3 Erik Haula Alexander Vasyunov Dennis Everberg 20 1 2 2
4 Dana Tyrell Jamie McGinn Ryan Vesce 10 1 2 2
5 vs 5 Defense
Defense Defense Time % Phy DF OF
1 Mathieu Roy Raphael Diaz 40 1 2 2
2 Danny DeKeiser Justin Faulk 30 1 2 2
3 Conor Allen Mathieu Roy 20 1 2 2
4 Raphael Diaz Danny DeKeiser 10 1 2 2
PowerPlay Forward
Center Left Wing Right Wing Time % Phy DF OF
1 Marcus Kruger Marcus Johansson Ryan Vesce 60 1 2 2
2 Cody Bass Jesse Joensuu Hugh Jessiman 40 1 2 2
PowerPlay Defense
Defense Defense Time % Phy DF OF
1 Mathieu Roy Raphael Diaz 60 1 2 2
2 Danny DeKeiser Justin Faulk 40 1 2 2
Penalty Kill 4 Players Forward
Center Wing Time % Phy DF OF
1 Ryan Vesce Hugh Jessiman 60 1 2 2
2 Marcus Kruger Marcus Johansson 40 1 2 2
Penalty Kill 4 Players Defense
Defense Defense Time % Phy DF OF
1 Mathieu Roy Raphael Diaz 60 1 2 2
2 Danny DeKeiser Justin Faulk 40 1 2 2
Penalty Kill - 3 Players Forward
Forward Time % Phy DF OF
1 Ryan Vesce 60 1 2 2
2 Hugh Jessiman 40 1 2 2
Penalty Kill - 3 Players Defense
Defense Defense Time % Phy DF OF
1 Mathieu Roy Raphael Diaz 60 1 2 2
2 Danny DeKeiser Justin Faulk 40 1 2 2
4 vs 4 Forward
Center Wing Time % Phy DF OF
1 Ryan Vesce Hugh Jessiman 60 1 2 2
2 Marcus Kruger Marcus Johansson 40 1 2 2
4 vs 4 Defense
Defense Defense Time % Phy DF OF
1 Mathieu Roy Raphael Diaz 60 1 2 2
2 Danny DeKeiser Justin Faulk 40 1 2 2
Last Minutes Offensive
Center Left Wing Right Wing Defense Defense
Marcus Kruger Marcus Johansson Ryan Vesce Mathieu Roy Raphael Diaz
Last Minutes Defensive
Center Left Wing Right Wing Defense Defense
Marcus Kruger Marcus Johansson Ryan Vesce Mathieu Roy Raphael Diaz
Goaltenders
Starting : Peter Budaj
Backup : Ben Scrivens
Extra Forwards
Normal : Landon Ferraro, Andrej Nestrasil, Oscar Lindberg - PP : Landon Ferraro, Andrej Nestrasil - PK : Oscar Lindberg
Extra Defensemen
Normal : Conor Allen, Justin Faulk, Mathieu Roy - PP : Conor Allen - PK : Justin Faulk, Mathieu Roy
Penalty Shots
Ryan Vesce, Hugh Jessiman, Marcus Kruger, Marcus Johansson, Jesse Joensuu
% Time on Ice - Monarchs
Lines # - Real PCT - Wanted PCT - Time Play
Normal Forward
1 - 30% - 40% - 12:37
2 - 31% - 30% - 13:09
3 - 25% - 20% - 10:27
4 - 13% - 10% - 5:32
Normal Defense
1 - 41% - 40% - 17:07
2 - 29% - 30% - 12:15
3 - 22% - 20% - 9:03
4 - 8% - 10% - 3:20
PP Forward
1 - 62% - 60% - 4:59
2 - 38% - 40% - 3:01
PP Defense
1 - 56% - 60% - 4:27
2 - 44% - 40% - 3:33
PK Forward
1 - 66% - 60% - 5:10
2 - 34% - 40% - 2:41
PK Defense
1 - 59% - 60% - 4:40
2 - 41% - 40% - 3:11
PK3 Forward
1 - 0% - 60%
2 - 0% - 40%
PK3 Defense
1 - 0% - 60%
2 - 0% - 40%
44 Forward
1 - 79% - 60% - 1:31
2 - 21% - 40% - 0:24
44 Defense
1 - 65% - 60% - 1:15
2 - 35% - 40% - 0:40
Last Minute Offensive - 0:00
Last Minute Defensive - 0:29
Total
Forward - 60:00
Defense - 60:00
|
% Time on Ice - Little Stars
Lines # - Real PCT - Wanted PCT - Time Play
Normal Forward
1 - 29% - 40% - 12:16
2 - 31% - 30% - 13:04
3 - 27% - 20% - 11:13
4 - 13% - 10% - 5:15
Normal Defense
1 - 34% - 40% - 14:07
2 - 37% - 30% - 15:16
3 - 20% - 20% - 8:27
4 - 9% - 10% - 3:58
PP Forward
1 - 71% - 60% - 5:33
2 - 29% - 40% - 2:18
PP Defense
1 - 69% - 60% - 5:27
2 - 31% - 40% - 2:24
PK Forward
1 - 75% - 60% - 5:59
2 - 25% - 40% - 2:01
PK Defense
1 - 55% - 60% - 4:25
2 - 45% - 40% - 3:35
PK3 Forward
1 - 0% - 60%
2 - 0% - 40%
PK3 Defense
1 - 0% - 60%
2 - 0% - 40%
44 Forward
1 - 83% - 60% - 1:36
2 - 17% - 40% - 0:19
44 Defense
1 - 67% - 60% - 1:17
2 - 33% - 40% - 0:38
Last Minute Offensive - 0:26
Last Minute Defensive - 0:00
Total
Forward - 60:00
Defense - 60:00
|
Play by Play
1st period
0:01 of 1st period - Marcus Kruger wins face-off versus Randy Robitaille in neutral zone.
0:06 of 1st period - Snap shot by Ryan Vesce.
0:06 of 1st period - Shot Misses the Net.
0:14 of 1st period - Wrist shot by Justin Williams.
0:14 of 1st period - Deflect By Mason Raymond.
0:14 of 1st period - Shot Blocked by Marcus Johansson.
0:14 of 1st period - Puck is out of play.
0:15 of 1st period - Mikael Backlund wins face-off versus Cody Bass in Little Stars zone.
0:18 of 1st period - Wrist shot by Kyle Clifford.
0:18 of 1st period - Shot Blocked by Danny DeKeiser.
0:20 of 1st period - Slapshot by Alec Martinez.
0:20 of 1st period - Shot Misses the Net.
0:30 of 1st period - Cody Bass is hit by Kyle Clifford and loses puck.
0:41 of 1st period - Jay Beagle is hit by Erik Haula.
0:47 of 1st period - Snap shot by Jay Beagle.
0:47 of 1st period - Shot Misses the Net.
1:35 of 1st period - Snap shot by Mikael Backlund.
1:35 of 1st period - Shot Misses the Net.
1:37 of 1st period - Snap shot by Marek Zagrapan.
1:37 of 1st period - Shot Blocked by Cody Bass.
1:53 of 1st period - Nate Schmidt is hit by Raphael Diaz and loses puck.
2:00 of 1st period - Wrist shot by Erik Haula.
2:00 of 1st period - Shot Misses the Net.
2:02 of 1st period - Snap shot by Erik Haula.
2:02 of 1st period - Stopped by Richard Bachman with a rebound.
2:12 of 1st period - Mason Raymond is hit by Mathieu Roy and loses puck.
3:05 of 1st period - Wrist shot by Alexander Vasyunov.
3:05 of 1st period - Shot Blocked by Kyle Clifford.
3:08 of 1st period - Icing by Andrej Meszaros.
3:09 of 1st period - Cody Bass wins face-off versus Mikael Backlund in Monarchs zone.
4:02 of 1st period - Randy Robitaille is hit by Jesse Joensuu and loses puck.
4:21 of 1st period - Wrist shot by John Zeiler.
4:21 of 1st period - Deflect By Mikael Backlund.
4:21 of 1st period - Stopped by Peter Budaj with a rebound.
4:23 of 1st period - Slapshot by Alec Martinez.
4:23 of 1st period - Shot Blocked by Dana Tyrell.
4:33 of 1st period - Jamie McGinn is hit by Alec Martinez and loses puck.
4:38 of 1st period - Wrist shot by Justin Williams.
4:38 of 1st period - Shot Misses the Net.
4:52 of 1st period - Wrist shot by John Mitchell.
4:52 of 1st period - Shot Blocked by Justin Faulk.
4:54 of 1st period - Snap shot by Theo Peckham.
4:54 of 1st period - Shot Blocked by Justin Faulk.
5:32 of 1st period - Raphael Diaz is hit by Justin Williams and loses puck.
5:43 of 1st period - Wrist shot by Marcus Kruger.
5:43 of 1st period - Shot Misses the Net.
5:59 of 1st period - Minor Penalty to Jay Beagle for Tripping.
6:00 of 1st period - Marcus Kruger wins face-off versus Justin Williams in Monarchs zone.
6:02 of 1st period - Wrist shot by Marcus Johansson.
6:02 of 1st period - Stopped by Richard Bachman with a rebound.
6:04 of 1st period - Slapshot by Marcus Kruger.
6:04 of 1st period - Stopped by Richard Bachman with a rebound.
6:06 of 1st period - Slapshot by Mathieu Roy.
6:06 of 1st period - Stopped by Richard Bachman without a rebound.
6:07 of 1st period - Ryan Vesce wins face-off versus Justin Williams in Monarchs zone.
6:08 of 1st period - Snap shot by Marcus Johansson.
6:08 of 1st period - Stopped by Richard Bachman without a rebound.
6:09 of 1st period - Marcus Kruger wins face-off versus Justin Williams in Monarchs zone.
6:20 of 1st period - Wrist shot by Ryan Vesce.
6:20 of 1st period - Stopped by Richard Bachman with a rebound.
6:22 of 1st period - Snap shot by Marcus Johansson.
6:22 of 1st period - Stopped by Richard Bachman with a rebound.
6:24 of 1st period - Slapshot by Marcus Kruger.
6:24 of 1st period - Deflect By Ryan Vesce.
6:24 of 1st period - Stopped by Richard Bachman with a rebound.
6:26 of 1st period - Snap shot by Ryan Vesce.
6:26 of 1st period - Deflect By Andrej Meszaros.
6:26 of 1st period - Stopped by Richard Bachman with a rebound.
6:28 of 1st period - Wrist shot by Ryan Vesce.
6:28 of 1st period - Shot Blocked by Andrej Meszaros.
6:30 of 1st period - Wrist shot by Ryan Vesce.
6:30 of 1st period - Shot Misses the Net.
6:48 of 1st period - Snap shot by Ryan Vesce.
6:48 of 1st period - Shot Misses the Net.
7:28 of 1st period - Snap shot by Mikael Backlund.
7:28 of 1st period - Shot Misses the Net.
7:42 of 1st period - Snap shot by Marcus Kruger.
7:42 of 1st period - Shot Misses the Net.
7:44 of 1st period - Wrist shot by Marcus Kruger.
7:44 of 1st period - Shot Blocked by Mikael Backlund.
7:46 of 1st period - Wrist shot by Ryan Vesce.
7:46 of 1st period - Stopped by Richard Bachman with a rebound.
7:59 of 1st period - Penalty to Jay Beagle is over, Jay Beagle is back on ice.
8:04 of 1st period - Snap shot by Marcus Kruger.
8:04 of 1st period - Shot Blocked by Theo Peckham.
8:53 of 1st period - Wrist shot by Marcus Kruger.
8:53 of 1st period - Deflect By Ryan Vesce.
8:53 of 1st period - Stopped by Richard Bachman without a rebound.
8:54 of 1st period - Marek Zagrapan wins face-off versus Cody Bass in Monarchs zone.
8:54 of 1st period - Marek Zagrapan is hit by Hugh Jessiman.
9:18 of 1st period - Andy Greene is hit by Dennis Everberg and loses puck.
10:23 of 1st period - Snap shot by John Mitchell.
10:23 of 1st period - Shot Blocked by Justin Faulk.
10:31 of 1st period - Cody Bass is hit by Kyle Clifford and loses puck.
10:52 of 1st period - Wrist shot by Mason Raymond.
10:52 of 1st period - Stopped by Peter Budaj with a rebound.
10:54 of 1st period - Slapshot by Andrej Meszaros.
10:54 of 1st period - Deflect By Justin Williams.
10:54 of 1st period - Deflect By Erik Haula.
10:54 of 1st period - Shot Blocked by Landon Ferraro.
10:54 of 1st period - Puck is out of play.
10:55 of 1st period - Zac Rinaldo wins face-off versus Erik Haula in Little Stars zone.
10:56 of 1st period - Snap shot by Justin Williams.
10:56 of 1st period - Stopped by Peter Budaj without a rebound.
10:57 of 1st period - Zac Rinaldo wins face-off versus Andrej Nestrasil in Little Stars zone.
11:06 of 1st period - Snap shot by Mason Raymond.
11:06 of 1st period - Shot Misses the Net.
11:08 of 1st period - Wrist shot by Mason Raymond.
11:08 of 1st period - Stopped by Peter Budaj without a rebound.
11:09 of 1st period - Randy Robitaille wins face-off versus Cody Bass in Little Stars zone.
11:14 of 1st period - Slapshot by Justin Williams.
11:14 of 1st period - Shot Blocked by Hugh Jessiman.
11:16 of 1st period - Wrist shot by Andy Greene.
11:16 of 1st period - Stopped by Peter Budaj without a rebound.
11:17 of 1st period - Randy Robitaille wins face-off versus Cody Bass in Little Stars zone.
11:24 of 1st period - Snap shot by Justin Williams.
11:24 of 1st period - Shot Misses the Net.
11:26 of 1st period - Slapshot by Andrej Meszaros.
11:26 of 1st period - Stopped by Peter Budaj without a rebound.
11:27 of 1st period - Cody Bass wins face-off versus Randy Robitaille in Little Stars zone.
11:34 of 1st period - Snap shot by Cody Bass.
11:34 of 1st period - Goal by Cody Bass - Monarchs : 0 - Little Stars : 1.
11:35 of 1st period - Randy Robitaille wins face-off versus Marcus Kruger in neutral zone.
12:07 of 1st period - John Zeiler is hit by Cody Bass and loses puck.
12:24 of 1st period - Wrist shot by Jay Beagle.
12:24 of 1st period - Shot Blocked by Dennis Everberg.
12:26 of 1st period - Snap shot by Craig Cunningham.
12:26 of 1st period - Shot Blocked by Alexander Vasyunov.
12:28 of 1st period - Snap shot by Jay Beagle.
12:28 of 1st period - Shot Misses the Net.
12:32 of 1st period - Snap shot by John Mitchell.
12:32 of 1st period - Stopped by Peter Budaj with a rebound.
13:33 of 1st period - John Zeiler is hit by Ryan Vesce and loses puck.
13:51 of 1st period - Randy Robitaille is hit by Alexander Vasyunov.
14:34 of 1st period - Jay Beagle is hit by Alexander Vasyunov and loses puck.
14:57 of 1st period - Raphael Diaz is hit by Zac Rinaldo and loses puck.
15:08 of 1st period - Kyle Clifford is hit by Hugh Jessiman and loses puck.
15:16 of 1st period - Minor Penalty to Theo Peckham for Holding.
15:17 of 1st period - Justin Williams wins face-off versus Marcus Kruger in Monarchs zone.
15:30 of 1st period - Slapshot by Ryan Vesce.
15:30 of 1st period - Stopped by Richard Bachman without a rebound.
15:31 of 1st period - Justin Williams wins face-off versus Marcus Kruger in Monarchs zone.
16:02 of 1st period - Slapshot by Hugh Jessiman.
16:02 of 1st period - Stopped by Richard Bachman with a rebound.
16:04 of 1st period - Wrist shot by Cody Bass.
16:04 of 1st period - Stopped by Richard Bachman without a rebound.
16:05 of 1st period - Marcus Kruger wins face-off versus Randy Robitaille in Monarchs zone.
16:10 of 1st period - Snap shot by Marcus Kruger.
16:10 of 1st period - Shot Misses the Net.
16:12 of 1st period - Slapshot by Marcus Johansson.
16:12 of 1st period - Shot Misses the Net.
16:14 of 1st period - Wrist shot by Ryan Vesce.
16:14 of 1st period - Deflect By Marcus Johansson.
16:14 of 1st period - Stopped by Richard Bachman without a rebound.
16:15 of 1st period - Marcus Kruger wins face-off versus Justin Williams in Monarchs zone.
17:06 of 1st period - Wrist shot by Ryan Vesce.
17:06 of 1st period - Goal by Ryan Vesce - Monarchs : 0 - Little Stars : 2.
17:07 of 1st period - Cody Bass wins face-off versus Justin Williams in neutral zone.
17:34 of 1st period - Erik Haula is hit by Kyle Clifford and loses puck.
17:41 of 1st period - John Zeiler is hit by Erik Haula and loses puck.
18:02 of 1st period - John Mitchell is hit by Mathieu Roy and loses puck.
18:15 of 1st period - Jamie McGinn is hit by Mason Raymond and loses puck.
18:34 of 1st period - Wrist shot by Justin Williams.
18:34 of 1st period - Stopped by Peter Budaj without a rebound.
18:35 of 1st period - Cody Bass wins face-off versus Marek Zagrapan in Little Stars zone.
18:47 of 1st period - Slapshot by Andrej Meszaros.
18:47 of 1st period - Stopped by Peter Budaj with a rebound.
18:54 of 1st period - Icing by Hugh Jessiman.
18:55 of 1st period - Mikael Backlund wins face-off versus Erik Haula in Little Stars zone.
19:06 of 1st period - Wrist shot by Mikael Backlund.
19:06 of 1st period - Shot Blocked by Dennis Everberg.
19:08 of 1st period - Wrist shot by Mikael Backlund.
19:08 of 1st period - Stopped by Peter Budaj with a rebound.
19:10 of 1st period - Snap shot by Alec Martinez.
19:10 of 1st period - Stopped by Peter Budaj with a rebound.
19:17 of 1st period - Icing by Erik Haula.
19:18 of 1st period - Erik Haula wins face-off versus Randy Robitaille in Little Stars zone.
19:33 of 1st period - Snap shot by Mason Raymond.
19:33 of 1st period - Shot Misses the Net.
Goals for this period are 0 for Monarchs vs 2 for Little Stars.
Shots for this period are 11 for Monarchs vs 17 for Little Stars.
2nd period
0:01 of 2nd period - Randy Robitaille wins face-off versus Marcus Kruger in neutral zone.
1:58 of 2nd period - Snap shot by Jay Beagle.
1:58 of 2nd period - Stopped by Peter Budaj with a rebound.
3:21 of 2nd period - Slapshot by Ryan Vesce.
3:21 of 2nd period - Stopped by Richard Bachman with a rebound.
3:29 of 2nd period - Minor Penalty to Jay Beagle for Holding.
3:30 of 2nd period - Justin Williams wins face-off versus Cody Bass in Monarchs zone.
5:29 of 2nd period - Penalty to Jay Beagle is over, Jay Beagle is back on ice.
6:03 of 2nd period - Wrist shot by Mikael Backlund.
6:03 of 2nd period - Stopped by Peter Budaj with a rebound.
6:05 of 2nd period - Slapshot by Theo Peckham.
6:05 of 2nd period - Shot Misses the Net.
6:49 of 2nd period - Snap shot by Kyle Palmieri.
6:49 of 2nd period - Shot Misses the Net.
6:55 of 2nd period - Andy Greene is hit by Ryan Vesce and loses puck.
7:14 of 2nd period - Andrej Meszaros is hit by Jamie McGinn and loses puck.
7:33 of 2nd period - Minor Penalty to John Zeiler for Holding.
7:34 of 2nd period - Cody Bass wins face-off versus Justin Williams in Monarchs zone.
7:37 of 2nd period - Slapshot by Raphael Diaz.
7:37 of 2nd period - Stopped by Richard Bachman without a rebound.
7:38 of 2nd period - Cody Bass wins face-off versus Justin Williams in Monarchs zone.
7:39 of 2nd period - Wrist shot by Jesse Joensuu.
7:39 of 2nd period - Stopped by Richard Bachman with a rebound.
7:41 of 2nd period - Wrist shot by Cody Bass.
7:41 of 2nd period - Shot Blocked by Andrej Meszaros.
7:43 of 2nd period - Wrist shot by Jesse Joensuu.
7:43 of 2nd period - Stopped by Richard Bachman with a rebound.
7:45 of 2nd period - Wrist shot by Hugh Jessiman.
7:45 of 2nd period - Shot Misses the Net.
8:15 of 2nd period - Slapshot by Raphael Diaz.
8:15 of 2nd period - Stopped by Richard Bachman with a rebound.
8:53 of 2nd period - Theo Peckham is hit by Cody Bass and loses puck.
9:22 of 2nd period - Raphael Diaz is hit by Alec Martinez.
9:33 of 2nd period - Penalty to John Zeiler is over, John Zeiler is back on ice.
10:02 of 2nd period - Slapshot by John Zeiler.
10:02 of 2nd period - Shot Misses the Net.
10:04 of 2nd period - Snap shot by Jon Merrill.
10:04 of 2nd period - Shot Blocked by Danny DeKeiser.
11:06 of 2nd period - Mason Raymond is hit by Conor Allen and loses puck.
11:24 of 2nd period - Wrist shot by Mikael Backlund.
11:24 of 2nd period - Stopped by Peter Budaj with a rebound.
11:26 of 2nd period - Snap shot by Kyle Clifford.
11:26 of 2nd period - Stopped by Peter Budaj without a rebound.
11:27 of 2nd period - Mikael Backlund wins face-off versus Cody Bass in Little Stars zone.
11:28 of 2nd period - Slapshot by Kyle Clifford.
11:28 of 2nd period - Stopped by Peter Budaj with a rebound.
11:30 of 2nd period - Wrist shot by Mikael Backlund.
11:30 of 2nd period - Shot Blocked by Raphael Diaz.
11:32 of 2nd period - Snap shot by John Zeiler.
11:32 of 2nd period - Shot Blocked by Jesse Joensuu.
11:34 of 2nd period - Snap shot by Mikael Backlund.
11:34 of 2nd period - Goal by Mikael Backlund - Monarchs : 1 - Little Stars : 2.
11:35 of 2nd period - Marcus Kruger wins face-off versus Randy Robitaille in neutral zone.
12:22 of 2nd period - Off-side.
12:23 of 2nd period - Erik Haula wins face-off versus Marek Zagrapan in neutral zone.
13:00 of 2nd period - Slapshot by Andrej Meszaros.
13:00 of 2nd period - Shot Misses the Net.
13:14 of 2nd period - Danny DeKeiser is hit by Theo Peckham and loses puck.
14:14 of 2nd period - Snap shot by Justin Williams.
14:14 of 2nd period - Shot Misses the Net.
14:20 of 2nd period - Snap shot by Justin Williams.
14:20 of 2nd period - Deflect By Cody Bass.
14:20 of 2nd period - Shot Blocked by Cody Bass.
14:20 of 2nd period - Puck is out of play.
14:21 of 2nd period - Marcus Kruger wins face-off versus John Mitchell in Little Stars zone.
15:34 of 2nd period - Jamie McGinn is hit by Matt Tennyson and loses puck.
15:41 of 2nd period - Wrist shot by Marek Zagrapan.
15:41 of 2nd period - Shot Misses the Net.
15:51 of 2nd period - Snap shot by Hugh Jessiman.
15:51 of 2nd period - Shot Misses the Net.
16:03 of 2nd period - Icing by Cody Bass.
16:04 of 2nd period - Cody Bass wins face-off versus Mikael Backlund in Little Stars zone.
16:41 of 2nd period - Slapshot by Andy Greene.
16:41 of 2nd period - Deflect By Jay Beagle.
16:41 of 2nd period - Stopped by Peter Budaj without a rebound.
16:42 of 2nd period - John Mitchell wins face-off versus Cody Bass in Little Stars zone.
16:43 of 2nd period - Wrist shot by Jay Beagle.
16:43 of 2nd period - Stopped by Peter Budaj with a rebound.
16:51 of 2nd period - Snap shot by Hugh Jessiman.
16:51 of 2nd period - Stopped by Richard Bachman without a rebound.
16:52 of 2nd period - Randy Robitaille wins face-off versus Cody Bass in Monarchs zone.
17:43 of 2nd period - Snap shot by Jesse Joensuu.
17:43 of 2nd period - Shot Misses the Net.
17:45 of 2nd period - Slapshot by Danny DeKeiser.
17:45 of 2nd period - Shot Hit the Post.
17:47 of 2nd period - Snap shot by Danny DeKeiser.
17:47 of 2nd period - Shot Blocked by Andrej Meszaros.
17:49 of 2nd period - Snap shot by Hugh Jessiman.
17:49 of 2nd period - Stopped by Richard Bachman with a rebound.
17:51 of 2nd period - Slapshot by Hugh Jessiman.
17:51 of 2nd period - Shot Misses the Net.
18:07 of 2nd period - Slapshot by Hugh Jessiman.
18:07 of 2nd period - Shot Blocked by Andy Greene.
18:09 of 2nd period - Slapshot by Justin Faulk.
18:09 of 2nd period - Stopped by Richard Bachman with a rebound.
18:11 of 2nd period - Slapshot by Danny DeKeiser.
18:11 of 2nd period - Stopped by Richard Bachman with a rebound.
18:13 of 2nd period - Slapshot by Hugh Jessiman.
18:13 of 2nd period - Shot Blocked by Andrej Meszaros.
18:17 of 2nd period - Wrist shot by Justin Faulk.
18:17 of 2nd period - Stopped by Richard Bachman without a rebound.
18:18 of 2nd period - Justin Williams wins face-off versus Marcus Kruger in Monarchs zone.
18:33 of 2nd period - Snap shot by Randy Robitaille.
18:33 of 2nd period - Goal by Randy Robitaille - Monarchs : 2 - Little Stars : 2.
18:34 of 2nd period - Randy Robitaille wins face-off versus Marcus Kruger in neutral zone.
18:45 of 2nd period - Snap shot by Mason Raymond.
18:45 of 2nd period - Stopped by Peter Budaj with a rebound.
19:39 of 2nd period - Andrej Meszaros is hit by Marcus Johansson.
Goals for this period are 2 for Monarchs vs 0 for Little Stars.
Shots for this period are 10 for Monarchs vs 10 for Little Stars.
3rd period
0:01 of 3rd period - Randy Robitaille wins face-off versus Marcus Johansson in neutral zone.
0:05 of 3rd period - Off-side.
0:06 of 3rd period - Randy Robitaille wins face-off versus Marcus Johansson in neutral zone.
0:13 of 3rd period - Snap shot by Justin Williams.
0:13 of 3rd period - Shot Misses the Net.
0:15 of 3rd period - Snap shot by Mason Raymond.
0:15 of 3rd period - Stopped by Peter Budaj with a rebound.
0:17 of 3rd period - Slapshot by Justin Williams.
0:17 of 3rd period - Stopped by Peter Budaj without a rebound.
0:18 of 3rd period - Marcus Kruger wins face-off versus Randy Robitaille in Little Stars zone.
1:02 of 3rd period - Slapshot by Raphael Diaz.
1:02 of 3rd period - Stopped by Richard Bachman without a rebound.
1:03 of 3rd period - Erik Haula wins face-off versus John Mitchell in Monarchs zone.
1:17 of 3rd period - Off-side.
1:18 of 3rd period - Randy Robitaille wins face-off versus Marcus Kruger in neutral zone.
1:23 of 3rd period - Wrist shot by Justin Williams.
1:23 of 3rd period - Shot Misses the Net.
1:25 of 3rd period - Wrist shot by Randy Robitaille.
1:25 of 3rd period - Shot Misses the Net.
1:27 of 3rd period - Wrist shot by Mason Raymond.
1:27 of 3rd period - Goal by Mason Raymond - Monarchs : 3 - Little Stars : 2.
1:28 of 3rd period - Marcus Kruger wins face-off versus Mason Raymond in neutral zone.
1:43 of 3rd period - Wrist shot by Justin Williams.
1:43 of 3rd period - Stopped by Peter Budaj without a rebound.
1:44 of 3rd period - John Zeiler wins face-off versus Marcus Kruger in Little Stars zone.
1:45 of 3rd period - Slapshot by Kyle Clifford.
1:45 of 3rd period - Stopped by Peter Budaj with a rebound.
1:55 of 3rd period - Snap shot by Mikael Backlund.
1:55 of 3rd period - Shot Blocked by Marcus Johansson.
2:09 of 3rd period - Hugh Jessiman is hit by Andrej Meszaros and loses puck.
2:44 of 3rd period - Minor Penalty to Dennis Everberg for Slashing.
2:45 of 3rd period - Ryan Vesce wins face-off versus Randy Robitaille in Little Stars zone.
3:35 of 3rd period - Marcus Johansson is hit by Mason Raymond and loses puck.
4:41 of 3rd period - Icing by Alec Martinez.
4:42 of 3rd period - Erik Haula wins face-off versus Randy Robitaille in Monarchs zone.
4:44 of 3rd period - Penalty to Dennis Everberg is over, Dennis Everberg is back on ice.
5:05 of 3rd period - Justin Williams is hit by Cody Bass and loses puck.
5:20 of 3rd period - Slapshot by Justin Williams.
5:20 of 3rd period - Stopped by Peter Budaj with a rebound.
5:22 of 3rd period - Slapshot by Mason Raymond.
5:22 of 3rd period - Shot Misses the Net.
5:24 of 3rd period - Slapshot by Andy Greene.
5:24 of 3rd period - Shot Misses the Net.
5:26 of 3rd period - Snap shot by Andy Greene.
5:26 of 3rd period - Stopped by Peter Budaj with a rebound.
5:28 of 3rd period - Slapshot by Andy Greene.
5:28 of 3rd period - Shot Misses the Net.
5:30 of 3rd period - Snap shot by Randy Robitaille.
5:30 of 3rd period - Stopped by Peter Budaj with a rebound.
5:34 of 3rd period - Slapshot by Justin Williams.
5:34 of 3rd period - Shot Blocked by Danny DeKeiser.
5:36 of 3rd period - Slapshot by Andrej Meszaros.
5:36 of 3rd period - Shot Misses the Net.
5:40 of 3rd period - Slapshot by Mason Raymond.
5:40 of 3rd period - Shot Hit the Post.
5:58 of 3rd period - Slapshot by Mason Raymond.
5:58 of 3rd period - Stopped by Peter Budaj with a rebound.
6:00 of 3rd period - Wrist shot by Randy Robitaille.
6:00 of 3rd period - Shot Misses the Net.
6:16 of 3rd period - Cody Bass is hit by Mason Raymond and loses puck.
6:25 of 3rd period - Snap shot by Randy Robitaille.
6:25 of 3rd period - Stopped by Peter Budaj without a rebound.
6:26 of 3rd period - Marcus Kruger wins face-off versus Mikael Backlund in Little Stars zone.
6:33 of 3rd period - Backhand shot by Marcus Johansson.
6:33 of 3rd period - Shot Blocked by Andrej Meszaros.
7:45 of 3rd period - Icing by Justin Faulk.
7:46 of 3rd period - Mikael Backlund wins face-off versus Erik Haula in Little Stars zone.
7:54 of 3rd period - Minor Penalty to Craig Cunningham for Holding.
7:55 of 3rd period - Marcus Kruger wins face-off versus John Mitchell in Monarchs zone.
7:58 of 3rd period - Minor Penalty to Mathieu Roy for Interference.
7:59 of 3rd period - Ryan Vesce wins face-off versus Justin Williams in Little Stars zone.
8:20 of 3rd period - Icing by Ryan Vesce.
8:21 of 3rd period - Ryan Vesce wins face-off versus Zac Rinaldo in Little Stars zone.
8:28 of 3rd period - Wrist shot by Ryan Vesce.
8:28 of 3rd period - Shot Misses the Net.
9:29 of 3rd period - Backhand shot by Alec Martinez.
9:29 of 3rd period - Stopped by Peter Budaj with a rebound.
9:49 of 3rd period - Alec Martinez is hit by Marcus Johansson and loses puck.
9:54 of 3rd period - Penalty to Craig Cunningham is over, Craig Cunningham is back on ice.
9:58 of 3rd period - Penalty to Mathieu Roy is over, Mathieu Roy is back on ice.
10:10 of 3rd period - Andy Greene is hit by Raphael Diaz and loses puck.
10:17 of 3rd period - Slapshot by Mathieu Roy.
10:17 of 3rd period - Stopped by Richard Bachman with a rebound.
10:19 of 3rd period - Slapshot by Danny DeKeiser.
10:19 of 3rd period - Shot Misses the Net.
10:21 of 3rd period - Snap shot by Landon Ferraro.
10:21 of 3rd period - Stopped by Richard Bachman with a rebound.
10:23 of 3rd period - Wrist shot by Landon Ferraro.
10:23 of 3rd period - Shot Misses the Net.
10:27 of 3rd period - Wrist shot by Marcus Johansson.
10:27 of 3rd period - Shot Misses the Net.
10:29 of 3rd period - Slapshot by Danny DeKeiser.
10:29 of 3rd period - Stopped by Richard Bachman without a rebound.
10:30 of 3rd period - Erik Haula wins face-off versus Marek Zagrapan in Monarchs zone.
10:44 of 3rd period - Jon Merrill is hit by Alexander Vasyunov and loses puck.
11:08 of 3rd period - Minor Penalty to Jamie McGinn for Interference.
11:09 of 3rd period - Ryan Vesce wins face-off versus Randy Robitaille in Little Stars zone.
11:09 of 3rd period - Ryan Vesce is hit by Andy Greene.
11:16 of 3rd period - Slapshot by Raphael Diaz.
11:16 of 3rd period - Stopped by Richard Bachman without a rebound.
11:17 of 3rd period - Randy Robitaille wins face-off versus Ryan Vesce in Monarchs zone.
11:28 of 3rd period - Ryan Vesce is hit by Justin Williams and loses puck.
12:07 of 3rd period - Ryan Vesce is hit by Mason Raymond and loses puck.
12:34 of 3rd period - Wrist shot by Andrej Meszaros.
12:34 of 3rd period - Stopped by Peter Budaj with a rebound.
12:36 of 3rd period - Slapshot by Andy Greene.
12:36 of 3rd period - Stopped by Peter Budaj with a rebound.
12:38 of 3rd period - Snap shot by Mason Raymond.
12:38 of 3rd period - Shot Blocked by Raphael Diaz.
12:46 of 3rd period - Slapshot by Justin Williams.
12:46 of 3rd period - Shot Misses the Net.
12:48 of 3rd period - Snap shot by Justin Williams.
12:48 of 3rd period - Shot Misses the Net.
12:50 of 3rd period - Snap shot by Justin Williams.
12:50 of 3rd period - Monarchs goal is going for a video replay.
12:50 of 3rd period - The goal is refused. The puck has been directed, batted or thrown into the net by an attacking player other than with a stick..
12:51 of 3rd period - Mikael Backlund wins face-off versus Ryan Vesce in Little Stars zone.
12:56 of 3rd period - Slapshot by Kyle Clifford.
12:56 of 3rd period - Stopped by Peter Budaj with a rebound.
13:00 of 3rd period - Snap shot by John Zeiler.
13:00 of 3rd period - Shot Blocked by Danny DeKeiser.
13:02 of 3rd period - Slapshot by Alec Martinez.
13:02 of 3rd period - Stopped by Peter Budaj with a rebound.
13:04 of 3rd period - Wrist shot by Kyle Clifford.
13:04 of 3rd period - Stopped by Peter Budaj with a rebound.
13:06 of 3rd period - Snap shot by Theo Peckham.
13:06 of 3rd period - Stopped by Peter Budaj with a rebound.
13:08 of 3rd period - Penalty to Jamie McGinn is over, Jamie McGinn is back on ice.
13:18 of 3rd period - Slapshot by Danny DeKeiser.
13:18 of 3rd period - Stopped by Richard Bachman with a rebound.
13:20 of 3rd period - Snap shot by Justin Faulk.
13:20 of 3rd period - Stopped by Richard Bachman with a rebound.
13:22 of 3rd period - Wrist shot by Erik Haula.
13:22 of 3rd period - Stopped by Richard Bachman with a rebound.
13:24 of 3rd period - Slapshot by Dennis Everberg.
13:24 of 3rd period - Shot Misses the Net.
13:26 of 3rd period - Slapshot by Justin Faulk.
13:26 of 3rd period - Shot Misses the Net.
14:01 of 3rd period - Off-side.
14:02 of 3rd period - Marek Zagrapan wins face-off versus Erik Haula in neutral zone.
14:05 of 3rd period - Mathieu Roy is hit by Matt Tennyson and loses puck.
14:20 of 3rd period - Matt Tennyson is hit by Alexander Vasyunov and loses puck.
14:37 of 3rd period - Wrist shot by Jay Beagle.
14:37 of 3rd period - Stopped by Peter Budaj with a rebound.
14:39 of 3rd period - Slapshot by Jon Merrill.
14:39 of 3rd period - Shot Blocked by Justin Faulk.
14:41 of 3rd period - Slapshot by Jon Merrill.
14:41 of 3rd period - Shot Blocked by Danny DeKeiser.
14:47 of 3rd period - Minor Penalty to Justin Faulk for High sticking.
14:48 of 3rd period - Randy Robitaille wins face-off versus Ryan Vesce in Little Stars zone.
15:13 of 3rd period - Mathieu Roy is hit by Andy Greene and loses puck.
16:24 of 3rd period - Wrist shot by Erik Haula.
16:24 of 3rd period - Stopped by Richard Bachman with a rebound.
16:39 of 3rd period - Icing by Justin Williams.
16:40 of 3rd period - Ryan Vesce wins face-off versus Mikael Backlund in Monarchs zone.
16:47 of 3rd period - Penalty to Justin Faulk is over, Justin Faulk is back on ice.
16:59 of 3rd period - Ryan Vesce is hit by Craig Cunningham and loses puck.
17:16 of 3rd period - Wrist shot by Justin Faulk.
17:16 of 3rd period - Shot Blocked by Jon Merrill.
17:18 of 3rd period - Slapshot by Raphael Diaz.
17:18 of 3rd period - Stopped by Richard Bachman with a rebound.
17:20 of 3rd period - Snap shot by Hugh Jessiman.
17:20 of 3rd period - Shot Blocked by Matt Tennyson.
17:22 of 3rd period - Slapshot by Mathieu Roy.
17:22 of 3rd period - Deflect By Hugh Jessiman.
17:22 of 3rd period - Shot Misses the Net.
17:22 of 3rd period - Puck is out of play.
17:23 of 3rd period - Erik Haula wins face-off versus John Mitchell in Monarchs zone.
17:29 of 3rd period - Minor Penalty to Raphael Diaz for Elbowing.
17:30 of 3rd period - Ryan Vesce wins face-off versus Randy Robitaille in Little Stars zone.
17:40 of 3rd period - Snap shot by Justin Williams.
17:40 of 3rd period - Shot Misses the Net.
17:42 of 3rd period - Slapshot by Andy Greene.
17:42 of 3rd period - Shot Blocked by Marcus Johansson.
18:02 of 3rd period - Justin Faulk is hit by Andy Greene and loses puck.
18:35 of 3rd period - Alec Martinez is hit by Mathieu Roy and loses puck.
19:14 of 3rd period - Theo Peckham is hit by Marcus Johansson and loses puck.
19:29 of 3rd period - Penalty to Raphael Diaz is over, Raphael Diaz is back on ice.
19:41 of 3rd period - Little Stars, Peter Budaj is pulled from the net.
19:43 of 3rd period - Snap shot by Marcus Kruger.
19:43 of 3rd period - Stopped by Richard Bachman without a rebound.
19:44 of 3rd period - Ron Wilson call a timeout for Little Stars.
19:44 of 3rd period - Marcus Kruger wins face-off versus Zac Rinaldo in Monarchs zone.
Goals for this period are 1 for Monarchs vs 0 for Little Stars.
Shots for this period are 19 for Monarchs vs 11 for Little Stars.
Back to the Top